 Dungeon Crawl Stone Soup version 0.27.1-3-gb3d3a73c9e (webtiles) character file.

Game seed: 4837445262998798908

68 Crownlay the Chopper (level 4, -7/39 HPs)
             Began as a Hill Orc Fighter on Oct 19, 2021.
             Was a Follower of Makhleb.
             Mangled by an orc warrior (10 damage)
             ... on level 3 of the Dungeon.
             The game lasted 00:03:01 (2189 turns).

Crownlay the Chopper (Hill Orc Fighter)             Turns: 2189, Time: 00:03:02

Health: -7/39      AC:  6    Str: 19    XL:     4   Next: 19%
Magic:  0/4        EV:  9    Int:  8    God:    Makhleb [*.....]
Gold:   118        SH:  0    Dex: 10    Spells: 3/3 levels left

rFire    . . .     SeeInvis .   a - +0 war axe
rCold    . . .     Faith    .   (no shield)
rNeg     . . .     Spirit   +   b - +0 scale mail
rPois    .         Reflect  .   (no helmet)
rElec    .         Harm     .   (no cloak)
rCorr    .         Rampage  .   (no gloves)
Will     .....                  (no boots)
Stlth    ..........             k - amulet of guardian spirit
HPRegen  0.13/turn              (no ring)
MPRegen  0.09/turn              (no ring)

@: mighty
A: no striking features
a: Renounce Religion


You were on level 3 of the Dungeon.
You worshipped Makhleb.
Makhleb was aware of your devotion.
You visited 1 branch of the dungeon, and saw 3 of its levels.

You collected 118 gold pieces.

Inventory:

Hand Weapons
 a - a +0 war axe (weapon)
Armour
 b - a +0 scale mail (worn)
 c - a +0 kite shield
Jewellery
 k - an amulet of guardian spirit (around neck)
Wands
 o - a wand of iceblast (10)
Scrolls
 f - 2 scrolls of teleportation {unknown}
 h - a scroll of fear {unknown}
 i - a scroll of amnesia {unknown}
 l - a scroll of silence {unknown}
 m - a scroll of identify {unknown}
 n - a scroll of noise {unknown}
Potions
 e - a potion of degeneration {unknown}
 g - a potion of magic {unknown}
 j - 4 potions of curing {unknown}


   Skills:
 - Level 3.6 Fighting
 * Level 5.5 Axes
 - Level 3.2 Armour
 - Level 3.2 Shields
 + Level 1.2 Invocations


You had 3 spell levels left.
You didn't know any spells.
Your spell library contained the following spells:

 Spells                   Type           Power      Damage    Failure   Level
 Beastly Appendage        Tmut           0%         N/A       77%         1
 Wereblood                Tmut           0%         N/A       88%         2
 Portal Projectile        Hex/Tloc       0%         N/A       98%         3
 Spider Form              Tmut/Pois      0%         N/A       98%         3
 Airstrike                Air            0%         N/A       100%        4
 Summon Lightning Spire   Summ/Air       0%         N/A       100%        4
 Blade Hands              Tmut           0%         N/A       100%        5
 Excruciating Wounds      Necr           0%         N/A       100%        5
 Lightning Bolt           Conj/Air       0%         1d11      100%        5


Dungeon Overview and Level Annotations

Branches:
Dungeon (3/15)

Altars:
Makhleb


Message History

You kill the endoplasm!
Makhleb accepts your kill.
Found 24 stones.
You see here 24 stones.
Found 8 gold pieces.
You now have 118 gold pieces (gained 8).
A hobgoblin comes into view.
The hobgoblin shouts!
You hit the hobgoblin.
You kill the hobgoblin!
Makhleb accepts your kill.
No target in view!
No target in view!
No target in view!
An orc warrior comes into view. It is wielding a +0 broad axe.
The orc warrior shouts!
An orc comes into view. It is wielding a +2 mace of holy wrath.
An orc comes into view. It is wielding a +0 dagger.
There are monsters nearby!
There are monsters nearby!
The orc shouts!
An orc comes into view. It is wielding a +0 falchion.
The orc warrior hits you with a +0 broad axe!!
You barely miss the orc warrior. You completely miss the orc.
The orc hits you but does no damage.
The orc warrior hits you with a +0 broad axe.
You are too injured to fight recklessly!
You are too injured to fight recklessly!
You are too injured to fight recklessly!
You feel very mighty all of a sudden. The orc hits you with a +0 dagger.
The orc warrior hits you with a +0 broad axe!
* * * LOW HITPOINT WARNING * * *
Your scale mail prevents you from hitting the orc warrior.
You slash the orc!
You kill the orc!
Makhleb accepts your kill.
You feel better.
The orc warrior hits you with a +0 broad axe!
You die...

.#... #.# #.# .....
#.####.# #...# #
#.#....# # # #.
#...#.####### # #..
###.#.......# # #...
##.#.#####.# # +....
####...##### #.#
#....o###..........# #.#
#.....o@...#######.###.#
#.....o##..............#
...###.#.........#.#####
# #.#.#.#..#..#..#
..#............#
########..#....#
.........####.#
########.# #.# #.####.#


You could see an orc warrior and 2 orcs.

Vanquished Creatures
  A worm (D:3)
  4 dart slugs
  An orc (D:3)
  8 bats
  4 endoplasms
  5 giant cockroaches
  4 goblins
  4 hobgoblins
  4 jackals (D:2)
  4 quokkas
  A ball python (D:1)
  2 frilled lizards (D:2)
  4 kobolds
  7 rats
53 creatures vanquished.

Vanquished Creatures (others)
  13 demonic plants (D:1)
13 creatures vanquished.

Grand Total: 66 creatures vanquished

Notes
Turn   | Place    | Note
-------+----------+-------------------------------------------
     0 | D:1      | Crownlay the Hill Orc Fighter began the quest for the Orb.
     0 | D:1      | Reached XP level 1. HP: 19/19 MP: 1/1
    26 | D:1      | Reached skill level 3 in Axes
    42 | D:1      | Reached XP level 2. HP: 18/26 MP: 2/2
   204 | D:1      | Reached skill level 4 in Axes
   545 | D:1      | You fall into a shaft and drop 1 floor!
   555 | D:2      | Reached XP level 3. HP: 26/31 MP: 3/3
  1088 | D:1      | Reached skill level 5 in Axes
  1129 | D:1      | Found a faded altar of an unknown god.
  1194 | D:1      | Became a worshipper of Makhleb the Destroyer
  1194 | D:1      | Reached * piety under Makhleb
  1971 | D:3      | Reached skill level 1 in Invocations
  1971 | D:3      | Reached XP level 4. HP: 35/39 MP: 4/4
  2183 | D:3      | Noticed an orc warrior
  2189 | D:3      | Mangled by an orc warrior

Illustrated notes

Levels and vault maps discovered:
D:1:      minmay_arrival_checkered_box, layout_rooms,
          shapermc_ecumenical_altar_flowoftime, item_on_display_b
D:2:      layout_loops_cross, minmay_stone_trees_large,
          chequers_decorated_corner
D:3:      layout_basic, minmay_misc_feat_doors, minmay_box_of_dots

Skill      XL: |  1  2  3 |
---------------+----------+-----
Axes           | 3 4 5 |  5.5
Invocations    | 1 |  1.2
Fighting       | |  3.6
Armour         | |  3.2
Shields        | |  3.2

Action                   |  1- 3 |  4- 6 || total
-------------------------+-------+-------++-------
Melee: War axe           |   132 |    26 ||   158
  Use: Potion            |       |     1 ||     1
Armor: Scale mail        |    56 |     9 ||    65
Dodge: Dodged            |    56 |     9 ||    65
